 Dungeon Crawl Stone Soup version 0.28.0-43-g3370ac3207 (webtiles) character file.

Game seed: 15339151409921071546

9127 boopmooplesden the Carver (level 11, 0/101 HPs)
             Began as a Minotaur Berserker on Mar 27, 2022.
             Was an Elder of Trog.
             Slain by Harold
             ... wielding a +0 long sword
              (12 damage)
             ... on level 1 of the Lair of Beasts.
             The game lasted 00:12:21 (11023 turns).

boopmooplesden the Carver (Minotaur Berserker)     Turns: 11023, Time: 00:12:21

Health: 0/101      AC: 18    Str: 25    XL:     11   Next: 19%
Magic:  10/10      EV:  5    Int: 12    God:    Trog [****..]
Gold:   347        SH:  0    Dex: 13    Spells: 10/10 levels left

rFire   . . .      SeeInvis .   r - +6 long sword "Kotusy" {vorpal, rElec rPois rC+ Dex+4}
rCold   + . .      Faith    .   (no shield)
rNeg    + . .      Spirit   .   s - +0 chain mail
rPois   +          Reflect  .   (helmet restricted)
rElec   +          Harm     .   J - +0 cloak {Stlth+}
rCorr   .          Rampage  .   B - +0 pair of gloves
Will    +....                   q - +2 pair of boots
Stlth   ..........              (no amulet)
HPRegen 0.26/turn               h - ring "Acsysefa" {rN+ Will+}
MPRegen 0.12/turn               j - +6 ring of intelligence

@: marked, on berserk cooldown, held
A: horns 2, retaliatory headbutt
a: Renounce Religion, Berserk, Trog's Hand, Brothers in Arms


You were on level 1 of the Lair of Beasts.
You worshipped Trog.
Trog was greatly pleased with you.
You visited 2 branches of the dungeon, and saw 12 of its levels.

You collected 527 gold pieces.
You spent 180 gold pieces at shops.

Inventory:

Hand Weapons
 a - a +0 vampiric falchion
 o - a +2 long sword of protection
 r - the +6 long sword "Kotusy" (weapon) {vorpal, rElec rPois rC+ Dex+4}
   (You found it on level 4 of the Dungeon)

   It inflicts extra damage upon your enemies.
   Dex:       It affects your dexterity (+4).
   rC:        It protects you from cold.
   rElec:     It insulates you from electricity.
   rPois:     It protects you from poison.
 x - a +3 scimitar of freezing
 y - a +0 spear of freezing
 D - the +5 hand axe of Upheaval {vorpal, *Corrode rF+ rN+++ SInv}
   (You found it on level 9 of the Dungeon)

   It inflicts extra damage upon your enemies.
   rF:        It protects you from fire.
   rN:        It renders you almost immune to negative energy.
   SInv:      It lets you see invisible.
   *Corrode:  It may corrode you when you take damage.
 E - a +2 long sword of protection
Missiles
 z - a throwing net (quivered)
Armour
 q - a +2 pair of boots (worn)
 s - a +0 chain mail (worn)
 B - a +0 pair of gloves (worn)
 J - a +0 cloak of stealth (worn)
Jewellery
 h - the ring "Acsysefa" (left hand) {rN+ Will+}
   (You found it on level 2 of the Dungeon)

   [ring of willpower]

   rN:        It protects you from negative energy.
   Will:      It increases your willpower.
 j - a +6 ring of intelligence (right hand)
 t - a ring of poison resistance
 u - an amulet of reflection
 v - a ring of poison resistance
 I - a ring of fire
Wands
 n - a wand of flame (20)
 w - a wand of acid (4)
Scrolls
 e - 5 scrolls of identify
 i - 3 scrolls of teleportation
 k - 2 scrolls of fog
 A - 2 scrolls of brand weapon
 F - a scroll of magic mapping
 G - a scroll of enchant weapon {unknown}
 H - a scroll of amnesia {unknown}
Potions
 c - a potion of brilliance {unknown}
 d - 7 potions of curing
 f - 4 potions of mutation
 g - 3 potions of degeneration
 m - a potion of might {unknown}
 p - 2 potions of heal wounds {unknown}
 C - 3 potions of attraction {unknown}


   Skills:
 + Level 10.3 Fighting
 + Level 13.9 Long Blades
 + Level 11.1 Armour
 + Level 5.3 Dodging
 + Level 2.6 Stealth


You had 10 spell levels left.
You didn't know any spells.
Your spell library was empty.

Dungeon Overview and Level Annotations

Branches:
Dungeon (11/15)            Temple (0/1) D:7            Lair (1/6) D:10
    Orc: D:9-12

Altars:
Dithmenos
Fedhas
Sif Muna
Xom
The Shining One

Shops:
D:2 (!   D:5 [*   D:7 :   D:11 =![(([

Annotations:
D:10 2 transporters, issech's ghost, novice TrMo
D:11 Sonja
Lair:1 Grum; Harold


Innate Abilities, Weirdness & Mutations

You have a pair of horns on your head.
You reflexively headbutt those who attack you in melee.


Message History

Harold the Weathered comes into view.
He is wielding a +0 long sword.
Harold throws a throwing net.
The throwing net barely misses you.
You see here a throwing net.
Okay, then.
As you read the scroll of identify, it crumbles to dust.
f - 4 potions of mutation
As you read the scroll of identify, it crumbles to dust.
g - 3 potions of degeneration Harold points at you and mumbles some strange words.
You barely resist.
Harold throws a throwing net.
The throwing net hits you.
You become entangled in the net!
You see here a throwing net.
You struggle against the net.
Harold points at you and mumbles some strange words.
A sentinel's mark forms upon you.
You struggle against the net.
Harold fires a harpoon shot at you. The harpoon shot hits you!
* * * LOW HITPOINT WARNING * * *
You are yanked forward by the harpoon shot.
Okay, then.
Okay, then.
You fail to use your ability.
Harold barely misses you. Harold hits you but does no damage.
You fail to use your ability.
You feel yourself speed up.
Harold points at you and mumbles some strange words.
The mark upon you grows brighter.
Unknown command.
You fail to use your ability.
Harold closely misses you. You furiously retaliate!
You headbutt Harold!
Harold throws a throwing net.
The throwing net hits you.
You become entangled in the net!
You see here a throwing net.
You struggle against the net.
You struggle against the net.
Harold hits you with a +0 long sword.
* * * LOW HITPOINT WARNING * * *
You struggle against the net.
Harold hits you with a +0 long sword!
You die...

### ##.# ..#
#.#####@. ##.#@.#..
..#. #P.@##...# ...
## ##.#...### ..#..#
#.##..# ####..#.#
#.#..#..
.......#####.#..#
...
###.#..#..#..#.(..#
#.
#†#.#.............#
†g†............#...#


You could see Harold.

Vanquished Creatures
  Erolcha (D:11)
  An ugly thing (D:11)
  An elephant (D:10)
  An unseen horror (D:11)
  A komodo dragon (Lair:1)
  Prince Ribbit (D:6)
  7 yaks
  A wraith (D:10)
  3 wyverns
  A shadow (D:11)
  A basilisk (D:10)
  A steam dragon (D:9)
  4 vampire mosquitoes (D:10)
  3 acid dragons
  3 water moccasins
  A black bear (D:10)
  An orc warrior (D:7)
  2 sky beasts
  2 ice beasts (D:6)
  4 wolves (Lair:1)
  2 necrophages
  2 ogres
  2 centaurs
  3 kobold brigands
  5 bullfrogs
  A wyvern zombie (D:6)
  3 scorpions
  5 killer bees (D:9)
  An electric eel (D:11)
  4 wights (D:8)
  5 howler monkeys
  3 centaur zombies
  A jelly (D:8)
  2 orc priests
  2 bullfrog zombies
  A hound (D:5)
  2 centaur skeletons
  A gnoll shaman (D:9)
  An iguana (D:4)
  7 orc wizards
  2 killer bee zombies (D:6)
  8 gnolls
  2 howler monkey zombies
  A howler monkey skeleton (D:7)
  6 adders
  A shadow imp (D:7)
  An ufetubus (D:6)
  2 worms
  2 dart slugs (D:2)
  20 orcs
  5 endoplasms
  2 giant cockroaches
  5 goblins
  4 hobgoblins
  2 jackals (D:2)
  16 kobolds
  4 quokkas
  4 ball pythons
  5 bats
  A frilled lizard (D:1)
  3 rats
189 creatures vanquished.

Vanquished Creatures (others)
  A fungus (Lair:1)
1 creature vanquished.

Grand Total: 190 creatures vanquished

Notes
Turn   | Place    | Note
-------+----------+-------------------------------------------
     0 | D:1      | boopmooplesden the Minotaur Berserker began the quest for
                  | the Orb.
     0 | D:1      | Reached XP level 1. HP: 19/19 MP: 0/0
   139 | D:1      | Reached skill level 4 in Long Blades
   139 | D:1      | Reached XP level 2. HP: 20/27 MP: 1/1
   295 | D:1      | Found a faded altar of an unknown god.
   767 | D:2      | Identified the ring "Acsysefa" {rN+ Will+}
   800 | D:2      | Reached XP level 3. HP: 23/33 MP: 2/2
   806 | D:2      | Reached ** piety under Trog
  1046 | D:2      | Found Piher's Distillery.
  1192 | D:2      | Reached skill level 5 in Long Blades
  1292 | D:2      | Reached XP level 4. HP: 41/41 MP: 3/3
  1386 | D:2      | Found Jonyumn's Antique Weapon Boutique.
  1916 | D:3      | You fall into a shaft and drop 2 floors!
  1916 | D:5      | Entered Level 5 of the Dungeon
  1961 | D:5      | Found Aloa's Antique Armour Shoppe.
  2443 | D:5      | Identified the +1 robe of Brilliance {rF+ Regen+ Str+3
                  | Int-4}
  2452 | D:5      | Reached XP level 5. HP: 23/47 MP: 4/4
  2479 | D:5      | Reached skill level 5 in Fighting
  2479 | D:5      | Reached skill level 6 in Long Blades
  2875 | D:5      | Reached XP level 6. HP: 47/56 MP: 5/5
  2877 | D:5      | Reached skill level 1 in Stealth
  2994 | D:4      | Reached skill level 7 in Long Blades
  3086 | D:4      | Reached XP level 7. HP: 34/62 MP: 6/6
  3171 | D:4      | Identified the +6 long sword "Kotusy" {vorpal, rElec rPois
                  | rC+ Dex+4}
  4287 | D:5      | Found Pimiavuwn's CLEARANCE SALE!.
  4859 | D:6      | Reached skill level 8 in Long Blades
  5017 | D:6      | Reached XP level 8. HP: 67/71 MP: 7/7
  5299 | D:6      | Reached skill level 9 in Long Blades
  5430 | D:6      | Noticed Prince Ribbit
  5440 | D:6      | Killed Prince Ribbit
  5442 | D:6      | Found a shimmering blue altar of Sif Muna.
  5512 | D:6      | Found a glowing golden altar of the Shining One.
  5512 | D:6      | Found a shadowy altar of Dithmenos.
  5530 | D:6      | Found a shimmering altar of Xom.
  5534 | D:6      | Found a blossoming altar of Fedhas.
  5869 | D:7      | Reached skill level 5 in Armour
  6116 | D:7      | Found a staircase to the Ecumenical Temple.
  6249 | D:7      | Reached skill level 10 in Long Blades
  6253 | D:7      | Reached *** piety under Trog
  6259 | D:7      | Reached XP level 9. HP: 72/80 MP: 8/8
  6351 | D:7      | Found Xouck's Book Emporium.
  7029 | D:8      | Reached skill level 11 in Long Blades
  7203 | D:8      | Found a shadowy altar of Dithmenos.
  8020 | D:9      | Reached skill level 12 in Long Blades
  8222 | D:9      | Reached XP level 10. HP: 48/90 MP: 9/9
  8227 | D:9      | Reached **** piety under Trog
  8738 | D:9      | Identified the +5 hand axe of Upheaval {vorpal, *Corrode
                  | rF+ rN+++ SInv}
  8917 | D:10     | Entered Level 10 of the Dungeon
  9142 | D:10     | Reached skill level 5 in Dodging
  9215 | D:10     | Noticed an elephant
  9216 | D:10     | Found a staircase to the Lair.
  9234 | D:10     | Killed an elephant
  9517 | D:10     | Reached skill level 13 in Long Blades
  9686 | D:10     | Found a transporter.
  9690 | D:10     | Noticed issech's ghost (novice TrMo)
  9692 | D:10     | Noticed a four-headed hydra
  9706 | D:10     | Noticed a moth of wrath
  9723 | D:10     | Found a transporter.
 10111 | D:11     | Reached skill level 10 in Armour
 10345 | D:11     | Noticed a purple ugly thing
 10366 | D:11     | Killed a purple ugly thing
 10515 | D:11     | Found Roenugus's Armour Boutique.
 10515 | D:11     | Found Unaept's Weapon Shop.
 10517 | D:11     | Found Yqenaj's Antique Weapon Shoppe.
 10517 | D:11     | Found Zuriah's Antique Armour Emporium.
 10518 | D:11     | Found Dysigh's Jewellery Shoppe.
 10518 | D:11     | Found Eshoam's Distillery.
 10526 | D:11     | Bought an embroidered cloak for 180 gold pieces
 10571 | D:11     | Noticed Erolcha
 10579 | D:11     | Killed Erolcha
 10580 | D:11     | Reached skill level 10 in Fighting
 10615 | D:11     | Noticed Sonja
 10893 | Lair:1   | Entered Level 1 of the Lair of Beasts
 10954 | Lair:1   | Noticed Grum
 10969 | Lair:1   | Reached XP level 11. HP: 77/99 MP: 10/10
 11006 | Lair:1   | Noticed Harold
 11023 | Lair:1   | Slain by Harold

Illustrated notes

Levels and vault maps discovered:
D:1:      roderic_dead_forest, layout_basic, chequers_ecumenical_altar_island
D:2:      layout_basic, serial_shops, nicolae_square_shop, shop_statue,
          minmay_surrounded
D:3:      layout_rooms, minivault_26
D:4:      layout_layer_cave
D:5:      layout_loops_ring, serial_shops, nicolae_shop_overgrown_old_shop,
          minmay_hedge_maze, grunt_ministairs_6, nicolae_shop_clearance
D:6:      layout_basic, minmay_overflow_temple_star_hex,
          chequers_serial_rivers_small_3, serial_park_tiny_1,
          uniq_prince_ribbit1
D:7:      layout_loops_ring, minmay_temple_entry_glassed_door,
          serial_co_window_serial, co_window_corner_a, co_window_corner_a,
          co_window_of_opportunity_a, co_window_corner_a, co_window_paths_a,
          co_window_broadway_b, co_window_paths_c, co_window_corner_b,
          co_window_broadway_b, co_window_cross_2, co_window_unsneaky_path_c,
          glass_columns_b, glass_columns_a, glass_columns_b, serial_shops, shop
D:8:      layout_basic, kennysheep_minor_cross, minmay_ruined_shrine
D:9:      layout_basic
D:10:     layout_basic, david_lair_generic, gammafunk_ghost_berserking_beasts
D:11:     layout_stronghold, nicolae_wooded_promenade, uniq_sonja, uniq_erolcha
Lair:1:   layout_loops_ring, lightli_volcano_entry_magma_tube,
          beast_lair_carwin_8, lemuel_fruit_tree, uniq_maggie, uniq_gastronok,
          uniq_grum, uniq_harold

Skill      XL: |  1  2  3  4  5  6  7  8  9 10 11 |
---------------+----------------------------------+-----
Long Blades    | 4 5 6 7 8 10 12 13 | 13.9
Fighting       | 4 5 6 7 8 10 | 10.3
Dodging        | 3 4 5 |  5.3
Stealth        | 1 2 |  2.6
Armour         | 3 5 8 10 11 | 11.1

Action                   |  1- 3 |  4- 6 |  7- 9 | 10-12 || total
-------------------------+-------+-------+-------+-------++-------
Melee: Falchion          |    57 |    88 |       |       ||   145
       Headbutt          |     3 |    11 |    25 |    32 ||    71
       Punch             |     1 |     2 |     1 |     2 ||     6
       Long sword        |       |       |   194 |   143 ||   337
Invok: Berserk           |       |     4 |       |     2 ||     6
  Use: Scroll            |       |       |     8 |     5 ||    13
 Stab: Sleeping          |     1 |       |       |       ||     1
Armor: Animal skin       |    14 |     4 |       |       ||    18
       Robe              |       |     8 |       |       ||     8
       Chain mail        |       |       |   132 |   102 ||   234
Dodge: Dodged            |    38 |    58 |    90 |    71 ||   257
